[Event "WYCC 2018 O18"]
[Site "Halkidiki"]
[Date "2018.10.23"]
[Round "5"]
[White "Ranaldi, Lucas"]
[Black "Lazov, Toni"]
[Result "0-1"]
[ECO "E91"]
[WhiteElo "2335"]
[BlackElo "2292"]
[Annotator "NA"]
[PlyCount "54"]
[EventDate "2018.10.20"]
[EventType "swiss"]
[EventCountry "GRE"]
[SourceTitle "playchess.com"]
[Source "ChessBase"]
[SourceQuality "1"]
[TimeControl "40/5400+30:1800+30"]

1. Nf3 Nf6 2. c4 g6 3. Nc3 Bg7 4. e4 d6 5. d4 O-O 6. Be2 Na6 7. O-O e5 8. Be3 Ng4 9. Bg5 Qe8 10. Re1 f6 11. Bh4 h5 12. h3 Nh6 $16 {[%emt 0:02:34] LiveBook: 3 Games} 13. d5 g5 14. Bg3 Qg6 15. Nd2 g4 16. hxg4 hxg4 17. Nf1 Nc5 18. Bd3 Nxd3 19. Qxd3 f5 20. exf5 Nxf5 21. Ne3 Qh5 22. Nxf5 Bxf5 23. Ne4 Rf7 24. Re2 Raf8 25. Rf1 Bh6 26. b3 Bf4 27. Bxf4 exf4 0-1

[Event "WYCC 2018 O18"]
[Site "Halkidiki"]
[Date "2018.10.23"]
[Round "5"]
[White "Pantzar, Milton"]
[Black "Tifferet, Shaked"]
[Result "1-0"]
[ECO "A18"]
[WhiteElo "2326"]
[BlackElo "2254"]
[Annotator "NA"]
[PlyCount "77"]
[EventDate "2018.10.20"]
[EventType "swiss"]
[EventCountry "GRE"]
[SourceTitle "playchess.com"]
[Source "ChessBase"]
[SourceQuality "1"]
[TimeControl "40/5400+30:1800+30"]

1. c4 Nf6 2. Nc3 e6 3. e4 d5 4. e5 d4 5. exf6 dxc3 6. bxc3 Qxf6 7. d4 b6 8. Be2 Bb7 9. Bf3 Bxf3 10. Nxf3 Bd6 11. Qa4+ c6 12. O-O O-O {[%emt 0:03:36] LiveBook: 13 Games} 13. Rb1 Qf5 14. Rxb6 axb6 15. Qxa8 Qd3 16. Qa4 Qxc3 $11 17. Be3 Qa3 18. Qxa3 Bxa3 19. Rb1 b5 20. cxb5 cxb5 21. Rxb5 Rd8 22. Kf1 Nc6 23. Ke2 Ra8 24. Ne5 Ne7 25. Bd2 Nf5 26. Kd3 Bd6 27. Ra5 Rd8 28. Nc6 Rc8 29. Ra6 h5 30. g3 Rc7 31. a4 Rd7 32. a5 Bc5 33. Ra8+ Kh7 34. Rd8 Rxd8 35. Nxd8 Nxd4 36. Be3 e5 37. Nxf7 Nc6 38. Bxc5 Kg6 39. a6 1-0

[Event "WYCC 2018 O18"]
[Site "Halkidiki"]
[Date "2018.10.23"]
[Round "5"]
[White "Banzea, Alexandru-Bogdan"]
[Black "Bratkovic, Jakob"]
[Result "1-0"]
[ECO "B47"]
[WhiteElo "2313"]
[BlackElo "2242"]
[Annotator "NA"]
[PlyCount "69"]
[EventDate "2018.10.20"]
[EventType "swiss"]
[EventCountry "GRE"]
[SourceTitle "playchess.com"]
[Source "ChessBase"]
[SourceQuality "1"]
[TimeControl "40/5400+30:1800+30"]

1. e4 c5 2. Nf3 e6 3. d4 cxd4 4. Nxd4 Nc6 5. Nc3 Qc7 6. Qd3 {[%emt 0:00:08] B47: Sicilian: Taimanov: 5 Nc3 Qc7 6 f4, 6 g3 and 6 Be2} (6. Be3 a6 7. Qf3 Nf6 8. O-O-O Ne5 9. Qg3 b5 10. a3 Bb7 11. Bxb5 Rc8 12. Ba4 Nxe4 13. Nxe4 Bxe4 14. Bf4 Qc4 15. Bxe5 Qxa4 {1-0 (38) Vachier Lagrave,M (2789)-Anand,V (2776) Karlsruhe/Baden-Baden 2018}) 6... Nf6 7. Ndb5 Qb8 8. f4 a6 9. Nd4 Nb4 $146 ({Predecessor:} 9... d5 10. e5 Nd7 11. Be3 Bc5 12. O-O-O Qa7 13. Be2 b5 {1-0 (79) Motylev,A (2653)-Mirzoev,E (2424) Minsk 2015}) 10. Qg3 d6 11. a3 Nc6 12. Be3 Nxd4 13. Bxd4 Nh5 14. Qf3 Nxf4 15. Qxf4 e5 16. Qd2 exd4 17. Nd5 Be6 18. Qxd4 Qd8 19. O-O-O Rc8 20. h4 Qa5 21. Kb1 Qc5 22. Qd2 Bxd5 23. exd5 Be7 24. Re1 Rc7 25. g4 O-O 26. g5 b5 27. Rh3 Rb8 $14 28. Rhe3 Bf8 29. h5 Rcc8 30. Bh3 Rd8 31. g6 fxg6 32. hxg6 h6 33. Be6+ Kh8 34. Rh3 b4 35. Rf1 1-0

[Event "WYCC 2018 O18"]
[Site "Halkidiki"]
[Date "2018.10.23"]
[Round "5"]
[White "Carnicelli, Valerio"]
[Black "Lindbol, Aleksander"]
[Result "0-1"]
[ECO "B12"]
[WhiteElo "2299"]
[BlackElo "2166"]
[Annotator "NA"]
[PlyCount "48"]
[EventDate "2018.10.20"]
[EventType "swiss"]
[EventCountry "GRE"]
[SourceTitle "playchess.com"]
[Source "ChessBase"]
[SourceQuality "1"]
[TimeControl "40/5400+30:1800+30"]

1. e4 c6 2. d4 d5 3. e5 Bf5 4. Nc3 e6 5. g4 Bg6 6. Nge2 Ne7 7. Nf4 c5 8. h4 cxd4 9. Nb5 Nec6 10. h5 Be4 11. f3 a6 {[%emt 0:00:11] B12: Caro-Kann: Advance Variation} (11... Bxf3 12. Qxf3 Nxe5 13. Qg3 Nbc6 14. Nd3 f6 15. Nf4 Kd7 16. g5 f5 17. c3 dxc3 18. bxc3 Qa5 19. Bd2 Qa4 20. Be2 Bc5 21. Rh4 Ng4 22. Nd3 Be7 23. Qc7+ Ke8 24. Qxb7 {1-0 (24) Anand,V (2790)-Karpov,A (2679) Monte Carlo 2001}) 12. fxe4 dxe4 13. Nd6+ Bxd6 14. exd6 Qxd6 15. Bg2 $146 ({Predecessor:} 15. h6 g6 16. g5 O-O 17. Bg2 Qe5 18. O-O e3 19. Qg4 {0-1 (34) Toma,K (2198)-Czarnota,D (2115) Bartkowa 2002}) 15... f5 16. Qe2 Nd7 17. Nxe6 Qxe6 18. gxf5 Qxf5 19. Bxe4 Qe5 20. Rf1 $11 O-O-O 21. Bf4 Qa5+ 22. Bd2 Qa4 23. a3 Rhe8 24. O-O-O d3 0-1

[Event "WYCC 2018 O18"]
[Site "Halkidiki"]
[Date "2018.10.23"]
[Round "5"]
[White "Risting, Eivind Olav"]
[Black "Asllani, Muhamet"]
[Result "1-0"]
[ECO "E12"]
[WhiteElo "2299"]
[BlackElo "2148"]
[Annotator "NA"]
[PlyCount "101"]
[EventDate "2018.10.20"]
[EventType "swiss"]
[EventCountry "GRE"]
[SourceTitle "playchess.com"]
[Source "ChessBase"]
[SourceQuality "1"]
[TimeControl "40/5400+30:1800+30"]

1. d4 Nf6 2. c4 e6 3. Nf3 b6 4. a3 Bb7 5. Nc3 d5 6. cxd5 Nxd5 7. Qc2 Nxc3 8. Qxc3 Be7 9. Bf4 Bd6 {[%emt 0:01:16] E12: Queen's Indian: Unusual White 4th moves, 4 a3, 4 Nc3 Bb7 5 a3 and 4 Nc3 Bb7} 10. Bg5 (10. Bg3 O-O 11. e3 Nd7 12. Bd3 Rc8 13. Qc2 g6 14. Be4 Bxe4 15. Qxe4 Bxg3 16. hxg3 c5 17. g4 cxd4 18. exd4 {0-1 (46) Razin,V (2381)-Socko,B (2593) Katowice 2018}) 10... f6 {[%emt 0:04:02] LiveBook: 16 Games} 11. Bh4 O-O 12. e3 Qe7 13. Bg3 Nd7 14. Bc4 Rac8 15. O-O Bxg3 16. hxg3 c5 17. Qb3 $146 ({Predecessor:} 17. Rad1 Kh8 18. Qb3 Rfe8 {½-½ (44) Romm,M (2323)-Skarba,S (2344) ICCF email 2008}) 17... Rfe8 18. Rac1 Nf8 19. Rfd1 Bxf3 20. gxf3 cxd4 21. exd4 Rc7 22. Re1 $14 Kh8 23. Rcd1 Qd6 24. f4 Ree7 25. Re3 g6 26. Be2 Kg7 27. Bf3 Rc8 28. Kg2 Rec7 29. d5 e5 30. fxe5 fxe5 31. Rde1 Re8 32. Qb4 Rc5 33. Qd2 Nd7 34. b4 Rc7 35. Qb2 Kg8 36. Kh2 h5 37. Bd1 Rf8 38. f4 Kh7 39. fxe5 Qxd5 40. e6 Nb8 41. Re5 Qd6 42. e7 Re8 43. Re6 Qd3 44. Qf6 Rcc8 45. Qf7+ Kh6 46. Rxg6+ Qxg6 47. Re6 Qxe6 48. Qxe6+ Kg5 49. Qe5+ Kh6 50. Qf6+ Kh7 51. Bxh5 1-0

[Event "WYCC 2018 O18"]
[Site "Halkidiki"]
[Date "2018.10.23"]
[Round "5"]
[White "Kandil, Adham"]
[Black "Bremner, William"]
[Result "1-0"]
[ECO "B13"]
[WhiteElo "2292"]
[BlackElo "2046"]
[Annotator "NA"]
[PlyCount "81"]
[EventDate "2018.10.20"]
[EventType "swiss"]
[EventCountry "GRE"]
[SourceTitle "playchess.com"]
[Source "ChessBase"]
[SourceQuality "1"]
[TimeControl "40/5400+30:1800+30"]

1. e4 c6 2. d4 d5 3. exd5 cxd5 4. c4 Nf6 5. Nc3 Nc6 6. Bg5 dxc4 7. Bxc4 h6 {[%emt 0:01:23] B13: Caro-Kann: Exchange Variation and Panov-Botvinnik Attack} 8. Bxf6 (8. Be3 e6 9. Nf3 Bd6 10. O-O O-O 11. Rc1 b6 12. Qa4 Bb7 13. Rfd1 Ne7 14. Ne5 Ned5 15. Ba6 Bxa6 16. Qxa6 Nxc3 17. bxc3 {½-½ (38) Naiditsch,A (2697)-Sebag,M (2486) Brest 2018}) 8... exf6 9. Nge2 Bd6 10. d5 $146 ({Predecessor:} 10. O-O O-O 11. Qd2 Bf5 12. Rad1 Re8 13. Bd3 Qd7 14. Bxf5 Qxf5 15. Ng3 {0-1 (35) Fernandez Fuentes,F (2131)-Avila Jimenez,X (2220) Catalunya 2014}) 10... Ne5 11. Bb5+ Bd7 12. f4 Ng4 13. Qa4 a6 14. Qe4+ Kf8 15. Bxd7 Qxd7 16. Qd4 f5 17. h3 Nf6 18. O-O Rc8 19. Kh1 Bc5 20. Qd3 g6 21. Ng1 Bxg1 22. Kxg1 Kg7 23. Rae1 Rhd8 24. Re5 $17 Qd6 25. Rfe1 Qb6+ 26. R1e3 Qxb2 27. Qd4 Kg8 28. Kh2 Ne4 29. Re7 Rxc3 30. R7xe4 fxe4 31. Rxc3 Qxa2 32. Rc5 b6 33. Rc4 b5 34. Rc5 Qb1 35. Qf6 Rf8 36. d6 Qd3 37. Qe7 Qe3 38. Qe5 Qd2 39. Rd5 Qc1 40. d7 Qc6 41. d8=Q 1-0

[Event "WYCC 2018 O18"]
[Site "Halkidiki"]
[Date "2018.10.23"]
[Round "5"]
[White "Martinez Fernandez, Adrian"]
[Black "Torres Cueto, Jesus Marcial"]
[Result "0-1"]
[ECO "C07"]
[WhiteElo "2277"]
[BlackElo "2078"]
[Annotator "NA"]
[PlyCount "180"]
[EventDate "2018.10.20"]
[EventType "swiss"]
[EventCountry "GRE"]
[SourceTitle "playchess.com"]
[Source "ChessBase"]
[SourceQuality "1"]
[TimeControl "40/5400+30:1800+30"]

1. e4 e6 2. d4 d5 3. Nd2 c5 4. exd5 Qxd5 5. Ngf3 cxd4 6. Bc4 Qd6 7. O-O Nf6 8. Nb3 Nc6 9. Nbxd4 Nxd4 10. Nxd4 Bd7 11. Re1 Be7 12. c3 O-O 13. Qf3 {[%emt 0:00:52] C07: French Tarrasch: 3...c5, 4 Ngf3 and 4 exd5 Qxd5} Qc5 (13... Qb6 14. a4 Rfc8 15. a5 Qd8 16. Bf1 Bd6 17. Bg5 h6 18. Bxf6 Qxf6 19. Qxb7 e5 20. Qxd7 exd4 21. cxd4 {1-0 (29) Zhou,J (2595)-Xu,Y (2536) Beijing 2017}) 14. Bf1 $146 ({Predecessor:} 14. Bd3 Nd5 15. Bd2 Rfd8 16. Rad1 Qb6 17. Be4 Bf6 18. Bc1 Rac8 19. Rd3 a6 20. Nxe6 fxe6 {1-0 (34) Deforel,J (2273)-Martins Barriga,F (2303) ICCF email 2010}) 14... Qd5 15. Qxd5 Nxd5 16. c4 Nb6 17. Be3 Rac8 18. Rac1 Bb4 19. Red1 Bc5 20. Be2 e5 21. Nf3 Bxe3 22. fxe3 Be6 23. b3 f6 24. Nd2 f5 $16 (24... Rfd8 $14) 25. Nf3 Nd7 26. Ng5 Nc5 27. b4 h6 28. Nxe6 Nxe6 29. Rd6 Ng5 30. Rd7 Rf7 31. Rcd1 Rc7 32. Rxc7 Rxc7 33. Rd5 Nf7 34. c5 g6 35. a4 Kf8 36. b5 Ke7 37. Bc4 e4 38. h4 h5 39. Kf2 Kf6 40. Be2 Ke6 41. b6 axb6 42. cxb6 Rc2 43. Rb5 Nd6 44. Rb4 Ra2 45. Kf1 Kd5 46. Bb5 Kc5 47. Rb1 Nxb5 48. Rxb5+ Kc4 49. Rb1 Rxa4 50. Rc1+ Kd3 51. Kf2 Ra2+ 52. Kg3 Rb2 53. Kf4 Rxb6 54. Rd1+ Ke2 55. Rd7 Kf1 56. g3 Kg2 57. Rg7 Kh3 58. Rg8 Rc6 59. Rg7 b6 60. Rb7 Kg2 61. Rd7 Kf2 62. Rd2+ Ke1 63. Rb2 Kd1 64. Kg5 Kc1 65. Rb5 Kd2 66. Rb3 Kc2 67. Rb5 Kd3 68. Rb3+ Kc4 69. Rb1 Kd5 70. Rd1+ Kc4 71. Rc1+ Kb5 72. Rb1+ Ka4 73. Ra1+ Kb3 74. Rb1+ Kc2 75. Rb5 Kd3 76. Rb3+ Kc4 77. Rb1 b5 78. Rc1+ Kd5 79. Rd1+ Ke5 80. Rd8 Rb6 81. Ra8 Kd5 82. Rd8+ Kc4 83. g4 hxg4 84. h5 gxh5 85. Kxf5 b4 86. Kxe4 b3 87. Rc8+ Kb4 88. Kd3 Rb5 89. Kd2 b2 90. Kc2 Rc5+ {[%emt 0:00:05] Kc3+} 0-1

[Event "WYCC 2018 O18"]
[Site "Halkidiki"]
[Date "2018.10.23"]
[Round "5"]
[White "Alexiadis, Hristos"]
[Black "Manu David Suthandram R"]
[Result "1/2-1/2"]
[ECO "A52"]
[WhiteElo "2263"]
[BlackElo "1970"]
[Annotator "NA"]
[PlyCount "69"]
[EventDate "2018.10.20"]
[EventType "swiss"]
[EventCountry "GRE"]
[SourceTitle "playchess.com"]
[Source "ChessBase"]
[SourceQuality "1"]
[TimeControl "40/5400+30:1800+30"]

1. d4 Nf6 2. c4 e5 3. dxe5 Ng4 4. e3 Nxe5 5. Nh3 Bb4+ 6. Bd2 Bxd2+ 7. Qxd2 O-O 8. Nf4 d6 9. Nc3 {[%emt 0:00:32] LiveBook: 8 Games} Re8 $146 {[%emt 0:00:23] A52: Budapest Gambit} ({Predecessor:} 9... Nbc6 10. Be2 Ne7 11. O-O N7g6 12. Rad1 Nxf4 13. exf4 Nd7 14. Bf3 a5 15. Ne4 Qh4 16. g3 Qh6 17. Rfe1 {½-½ (41) Sakaev,K (2594)-Shcherbakov,R (2516) Sochi 2016}) 10. Be2 b6 11. O-O Bb7 12. Nfd5 c6 13. Nf4 Qe7 14. Rad1 Rd8 15. Rfe1 Na6 16. Qd4 Nc5 17. b4 Ne6 18. Qd2 Nc7 19. b5 cxb5 20. cxb5 d5 21. Qd4 Ng6 22. Nxg6 hxg6 23. Rc1 Ne6 24. Qe5 d4 25. exd4 Rxd4 26. h3 Qb4 27. Bg4 Nf4 28. a3 Qd6 29. Qxd6 Rxd6 30. Rcd1 Rxd1 31. Rxd1 f5 $11 32. Rd4 Rc8 33. Rxf4 Rxc3 34. Be2 Be4 35. h4 1/2-1/2

[Event "WYCC 2018 O18"]
[Site "Halkidiki"]
[Date "2018.10.23"]
[Round "5"]
[White "Galiana Fernandez, Adrian"]
[Black "Muha, Miljenko"]
[Result "0-1"]
[ECO "C68"]
[WhiteElo "2261"]
[BlackElo "2365"]
[Annotator "NA"]
[PlyCount "110"]
[EventDate "2018.10.20"]
[EventType "swiss"]
[EventCountry "GRE"]
[SourceTitle "playchess.com"]
[Source "ChessBase"]
[SourceQuality "1"]
[TimeControl "40/5400+30:1800+30"]

1. e4 e5 2. Nf3 Nc6 3. Bb5 a6 4. Bxc6 dxc6 5. O-O Qf6 6. d4 exd4 7. Bg5 Qd6 8. Nxd4 Be7 9. Bxe7 Nxe7 10. Nc3 Bd7 {[%emt 0:02:14] LiveBook: 70 Games} 11. Nb3 Qxd1 12. Raxd1 b6 13. Nd2 O-O-O 14. f4 f6 15. Nf3 Rhe8 16. Kf2 c5 17. Rfe1 Bc6 18. Rxd8+ Kxd8 19. a4 Ng6 20. g3 a5 21. b3 Kc8 22. Nd2 Nf8 23. f5 Nd7 24. Nd5 Ne5 25. Nf4 c4 26. Ke3 Rd8 (26... g6 $15 27. h3 gxf5) 27. Nxc4 Nxc4+ 28. bxc4 Bxa4 29. Ne6 Rd7 30. c5 Kb7 31. Rb1 Ka6 32. c4 Re7 33. cxb6 cxb6 34. c5 b5 35. c6 Kb6 36. Rc1 Bb3 37. c7 Bxe6 38. fxe6 Rxc7 39. Rd1 Re7 40. Rd6+ Kc5 41. Ra6 a4 $19 42. Kd3 Re8 43. e5 fxe5 44. Ke4 b4 45. Ra5+ Kc4 46. Kxe5 a3 47. Kd6 Kb3 48. Kd7 Rh8 49. Rf5 a2 50. Rf3+ Kb2 51. Rf2+ Ka3 52. Rf1 b3 53. e7 Rb8 54. Rc1 Kb2 55. Rc8 Rxc8 0-1

[Event "WYCC 2018 O18"]
[Site "Halkidiki"]
[Date "2018.10.23"]
[Round "5"]
[White "Ozates, Tuna"]
[Black "Bilic, Milanko"]
[Result "1-0"]
[ECO "B90"]
[WhiteElo "2225"]
[BlackElo "2009"]
[Annotator "NA"]
[PlyCount "87"]
[EventDate "2018.10.20"]
[EventType "swiss"]
[EventCountry "GRE"]
[SourceTitle "playchess.com"]
[Source "ChessBase"]
[SourceQuality "1"]
[TimeControl "40/5400+30:1800+30"]

1. e4 c5 2. Nf3 d6 3. d4 cxd4 4. Nxd4 Nf6 5. Nc3 a6 6. Be3 e6 7. f3 b5 8. Qd2 Nbd7 9. g4 Nb6 10. g5 {[%emt 0:03:17] LiveBook: 30 Games} Nfd7 11. a3 {[%emt 0:17:01] B80: Sicilian Scheveningen: 6 g3 and 6 Be3, including English Attack} Bb7 12. h4 Be7 13. h5 (13. Rg1 Rc8 14. h5 Ne5 15. b3 Qc7 16. Nce2 g6 {0-1 (30) Raja,H (2420)-Moroni,L (2530) Zuerich 2017}) 13... Ne5 14. b3 d5 $146 ({Predecessor:} 14... Rc8 15. Bh3 Qc7 16. Nce2 Nxf3+ 17. Nxf3 Bxe4 {1-0 (49) Filipi,S (2072)-Fojtu,P (2170) Czechia 2008}) 15. f4 Ng4 16. e5 Nxe3 17. Qxe3 Rc8 18. Nce2 $16 Nd7 19. Bh3 Nc5 20. O-O-O Ne4 21. Kb2 g6 22. hxg6 hxg6 23. Bxe6 Rxh1 24. Rxh1 Bxa3+ 25. Kb1 Rc7 26. Bg4 Bc8 27. Rh8+ Bf8 28. e6 fxe6 29. Bf3 Kf7 30. Bxe4 dxe4 31. Qh3 Ke8 32. Qh6 Qe7 33. Qxg6+ Qf7 34. Qxe4 Qg7 35. Nxe6 Bxe6 36. Qxe6+ Re7 37. Qc6+ Rd7 38. Qa8+ Kf7 39. g6+ Ke7 40. Qe4+ Kd8 41. Rh7 Rd1+ 42. Nc1 Rxc1+ 43. Kxc1 Qa1+ 44. Kd2 1-0

[Event "WYCC 2018 O18"]
[Site "Halkidiki"]
[Date "2018.10.23"]
[Round "5"]
[White "Tsomaia, Nikoloz"]
[Black "Agmanov, Zhandos"]
[Result "0-1"]
[ECO "C02"]
[WhiteElo "2201"]
[BlackElo "2354"]
[Annotator "NA"]
[PlyCount "96"]
[EventDate "2018.10.20"]
[EventType "swiss"]
[EventCountry "GRE"]
[SourceTitle "playchess.com"]
[Source "ChessBase"]
[SourceQuality "1"]
[TimeControl "40/5400+30:1800+30"]

1. e4 e6 2. d4 d5 3. e5 c5 4. c3 Nc6 5. Nf3 Bd7 6. a3 c4 7. Be2 Na5 8. Nbd2 {[%emt 0:00:07] C02: French: Advance Variation} Nh6 9. O-O Be7 10. Rb1 O-O 11. Re1 Qe8 $146 ({Predecessor:} 11... Rc8 12. Qc2 f5 13. exf6 Bxf6 14. Nf1 Be8 15. Bxh6 Bg6 {1-0 (39) Markgraf,A (2268)-Storjohann,K (1796) Bad Lauterberg 2003}) 12. Bf1 Ba4 13. Qe2 a6 14. g3 Kh8 15. Bg2 Bc2 16. Nxc4 Bxb1 17. Nxa5 b6 18. Bxh6 gxh6 19. Rxb1 bxa5 20. Qe3 Kg7 21. Bf1 Rb8 22. Bd3 Rb6 23. h4 f5 24. exf6+ Bxf6 25. Qf4 $11 ({White should try} 25. Bc2 $16) 25... Qb8 26. Qg4+ Kh8 27. Re1 Qe8 28. Re2 Qf7 29. Kg2 Bg7 30. h5 Rfb8 31. b4 Rc6 32. c4 axb4 33. cxd5 exd5 34. axb4 Rxb4 35. Rc2 Rxc2 36. Bxc2 a5 37. Qc8+ Qf8 38. Qd7 Rb2 39. Bf5 Rb6 40. Ne5 Rf6 41. Bd3 Rxf2+ 42. Kh3 a4 43. Qxd5 a3 44. Qe4 Qf5+ 45. Qxf5 Rxf5 46. Bxf5 a2 47. Nf7+ Kg8 48. Nxh6+ Kf8 0-1

[Event "WYCC 2018 O18"]
[Site "Halkidiki"]
[Date "2018.10.23"]
[Round "5"]
[White "Petersson, Baldur Teodor"]
[Black "Bronstein, Or"]
[Result "0-1"]
[ECO "B25"]
[WhiteElo "2195"]
[BlackElo "2385"]
[Annotator "NA"]
[PlyCount "88"]
[EventDate "2018.10.20"]
[EventType "swiss"]
[EventCountry "GRE"]
[SourceTitle "playchess.com"]
[Source "ChessBase"]
[SourceQuality "1"]
[TimeControl "40/5400+30:1800+30"]

1. e4 c5 2. Nc3 d6 3. g3 Nc6 4. Bg2 g6 5. d3 Bg7 6. f4 Nf6 7. Nf3 O-O 8. O-O Rb8 9. h3 b5 10. a3 a5 11. g4 b4 12. axb4 axb4 13. Ne2 Bb7 {B25: Closed Sicilian: 3 g3, lines without early Be3} 14. Be3 Nd7 15. Rb1 Ra8 16. b3 Ra2 17. f5 $146 ({Predecessor:} 17. Nc1 Ra6 18. Qe1 e6 {0-1 (49) Chernov,V (2405)-Fedorov,A (2595) Kishinev 1998}) 17... Nde5 18. Nxe5 Bxe5 19. Bh6 Re8 20. h4 e6 21. fxe6 fxe6 22. Bg5 Qd7 23. Qd2 Bg7 24. Bf6 Ne5 25. g5 d5 26. Bxg7 Qxg7 27. d4 cxd4 28. Nxd4 dxe4 29. Qxb4 Ng4 (29... Bd5 $15 30. Qc5 Raa8) 30. Rf4 Ne3 $11 31. Qb5 Raa8 32. Rf6 Qc7 33. Qe2 Nd5 34. Qxe4 Nxf6 35. Qxb7 Qc5 36. c3 Qxc3 37. Nb5 Qe3+ 38. Kh1 Ng4 39. Qf3 Ra1 40. Qxe3 Rxb1+ 41. Qg1 Rxg1+ 42. Kxg1 Rb8 43. Bc6 Ne5 44. Nd4 Rb4 0-1

[Event "WYCC 2018 O18"]
[Site "Halkidiki"]
[Date "2018.10.23"]
[Round "5"]
[White "Goncalves, Davi Sulzbacher"]
[Black "Roshka, Yevgeniy"]
[Result "1-0"]
[ECO "A41"]
[WhiteElo "2177"]
[BlackElo "2328"]
[Annotator "NA"]
[PlyCount "109"]
[EventDate "2018.10.20"]
[EventType "swiss"]
[EventCountry "GRE"]
[SourceTitle "playchess.com"]
[Source "ChessBase"]
[SourceQuality "1"]
[TimeControl "40/5400+30:1800+30"]

1. d4 d6 2. Nf3 g6 3. c4 Bg7 4. Nc3 Nd7 5. g3 e5 6. Bg2 Ne7 7. O-O O-O 8. e4 exd4 9. Nxd4 Nc6 10. Nde2 Nc5 {[%emt 0:00:31] LiveBook: 54 Games} 11. Be3 {[%emt 0:02:16] A42: Modern Defence: Averbakh Variation} f5 12. Nf4 $146 ({Predecessor:} 12. exf5 Bxf5 13. Nd4 Nxd4 14. Bxd4 a5 15. Nd5 Qd7 16. Re1 Rae8 17. Qd2 Ne4 18. Bxe4 Bxe4 19. Bxg7 Qxg7 {½-½ (49) Svidler,P (2753)-Guseinov,G (2613) Dubai 2014}) 12... Kh8 13. Bxc5 dxc5 14. Qxd8 Nxd8 15. Nd3 Be6 16. Nd5 fxe4 17. Nxc5 Bxd5 18. cxd5 Bxb2 19. Rad1 Ba3 20. Nxe4 Nf7 21. f4 Rfe8 22. Rd3 Bd6 23. h4 Re7 24. Bf3 Kg7 25. Rc1 Rae8 26. Rd4 Nh6 27. Nxd6 cxd6 28. g4 Re1+ 29. Rxe1 Rxe1+ 30. Kf2 Ra1 31. Rd2 b5 32. Rb2 a5 33. Rxb5 Rxa2+ 34. Kg3 a4 35. Rb7+ Kg8 36. Rd7 Nf7 37. g5 a3 38. Bg4 Ra1 39. Ra7 a2 40. Kg2 Nd8 41. h5 gxh5 42. Bxh5 h6 43. g6 Nb7 44. f5 Rc1 45. Rxa2 Kg7 46. Re2 Nd8 47. Re7+ Kf6 {[%emt 0:00:05] [#]} 48. g7 $18 Rc2+ 49. Kf1 Rc1+ 50. Kf2 Rc2+ 51. Be2 Kxe7 52. g8=Q Nf7 53. Qg6 Ne5 54. f6+ Kd7 55. Qxc2 1-0

[Event "WYCC 2018 O18"]
[Site "Halkidiki"]
[Date "2018.10.23"]
[Round "5"]
[White "Rovira Vila, Jaume"]
[Black "Alexakis, Dimitris"]
[Result "0-1"]
[ECO "B23"]
[WhiteElo "2156"]
[BlackElo "2186"]
[Annotator "NA"]
[PlyCount "108"]
[EventDate "2018.10.20"]
[EventType "swiss"]
[EventCountry "GRE"]
[SourceTitle "playchess.com"]
[Source "ChessBase"]
[SourceQuality "1"]
[TimeControl "40/5400+30:1800+30"]

1. e4 c5 2. Nc3 a6 3. g3 b5 4. Bg2 Bb7 5. d3 e6 6. Nh3 Nc6 7. O-O d6 8. f4 Nf6 9. Be3 Qc7 10. Nf2 O-O-O 11. Ng4 Nd7 12. a4 b4 13. Ne2 f5 14. Nf2 $11 Nf6 15. c3 Kb8 16. d4 fxe4 17. Nxe4 Nxe4 18. Bxe4 d5 19. Bg2 c4 20. cxb4 Bxb4 21. Qc2 g5 22. b3 Na5 23. bxc4 Nxc4 24. Bf2 Rhe8 25. Rfc1 Ka8 26. fxg5 e5 27. dxe5 Qxe5 28. Nf4 Bd2 29. Rcb1 Bxf4 30. gxf4 Qxf4 31. Qxh7 Rb8 32. Re1 Rh8 33. Qd3 Qxh2+ 34. Kf1 Rhf8 35. Qd4 Rxf2+ 36. Qxf2 Nd2+ 37. Ke2 Ne4 38. Bxe4 Qe5 39. Rab1 dxe4 40. g6 Qh5+ 41. Kd2 Qd5+ 42. Kc1 Qc6+ 43. Qc2 Qxg6 44. Rb4 Rc8 45. Rc4 Qh6+ 46. Kb1 Qb6+ 47. Kc1 Qh6+ 48. Kb2 Rxc4 49. Qxc4 Qd2+ 50. Kb3 Qxe1 51. Qc7 Qe3+ 52. Kb4 Qd4+ 53. Ka5 Qd2+ 54. Kb6 Qb4# 0-1

[Event "WYCC 2018 O18"]
[Site "Halkidiki"]
[Date "2018.10.23"]
[Round "5"]
[White "Veleshnja, Zino"]
[Black "Krstic, Milos"]
[Result "1-0"]
[ECO "A45"]
[WhiteElo "2155"]
[BlackElo "2171"]
[Annotator "NA"]
[PlyCount "100"]
[EventDate "2018.10.20"]
[EventType "swiss"]
[EventCountry "GRE"]
[SourceTitle "playchess.com"]
[Source "ChessBase"]
[SourceQuality "1"]
[TimeControl "40/5400+30:1800+30"]

1. d4 Nf6 2. Bf4 e6 3. e3 d5 4. c3 Bd6 5. Bg3 O-O 6. Bd3 c5 7. Nf3 Nc6 8. Nbd2 b6 9. Ne5 Bb7 10. O-O Qc7 11. f4 Ne7 {[%emt 0:01:46] D02: 1 d4 d5 2 Nf3 sidelines, including 2...Nf6 3 g3 and 2...Nf6 3 Bf4} 12. Qb1 c4 $146 ({Predecessor:} 12... Qc8 13. Bh4 Nf5 14. Bxf5 exf5 15. Bxf6 gxf6 16. Nef3 Qe6 17. Re1 Ba6 18. Nh4 cxd4 19. exd4 {1-0 (28) Korobov,A (2692)-Dominguez Perez,L (2739) Doha 2016}) 13. Bc2 Nf5 14. Bf2 Be7 15. Bxf5 exf5 16. Qxf5 Ne4 17. Nxe4 Bc8 18. Qh5 dxe4 19. Bh4 g6 20. Qh6 f6 21. Nxg6 hxg6 $16 22. Qxg6+ Kh8 23. f5 Bd8 24. Qh6+ Kg8 25. Rf4 Rf7 26. Rxe4 Qd7 27. Rf1 Bb7 28. Re6 Bd5 29. Bxf6 Bxf6 30. Rxf6 Rxf6 31. Qxf6 Qg7 32. Qxg7+ Kxg7 33. g4 Re8 34. Kf2 Rh8 35. Kg3 Re8 36. Re1 Re4 37. g5 a5 38. h4 b5 39. a3 Bf7 40. Kf3 Bd5 41. h5 Rxd4+ 42. e4 Rd3+ 43. Kf4 Bc6 44. h6+ Kh7 45. Rh1 Rd2 46. g6+ Kh8 47. g7+ Kh7 48. Rg1 Rd8 49. f6 Re8 50. f7 Rxe4+ {[%emt 0:00:02] Kxe4} 1-0

[Event "WYCC 2018 O18"]
[Site "Halkidiki"]
[Date "2018.10.23"]
[Round "5"]
[White "Giesinger, Elias"]
[Black "Stijve, Theo"]
[Result "1-0"]
[ECO "E06"]
[WhiteElo "2131"]
[BlackElo "2345"]
[Annotator "NA"]
[PlyCount "71"]
[EventDate "2018.10.20"]
[EventType "swiss"]
[EventCountry "GRE"]
[SourceTitle "playchess.com"]
[Source "ChessBase"]
[SourceQuality "1"]
[TimeControl "40/5400+30:1800+30"]

1. d4 Nf6 2. Nf3 d5 3. c4 e6 4. g3 Be7 5. Bg2 O-O 6. O-O dxc4 7. Qc2 b6 {[%emt 0:00:06] E05: Open Catalan: 5 Nf3 Be7} (7... a6 8. a4 Bd7 9. Qxc4 Bc6 10. Bf4 Nbd7 11. Qc2 Bd6 12. Bg5 h6 13. Bxf6 Nxf6 14. Nbd2 Bb4 15. e3 a5 16. Rfd1 Rc8 17. Rac1 Bxf3 18. Bxf3 c6 {½-½ (42) Ding,L (2804)-Giri,A (2780) Batumi 2018}) 8. Nfd2 Nd5 9. Nxc4 Bb7 10. a3 c5 11. dxc5 Bxc5 12. b4 Bd4 $146 ({Predecessor:} 12... Be7 13. Bb2 Nd7 14. Nbd2 Rc8 15. Qb3 {½-½ (34) Kauppila,O (2318)-Pihlajasalo,A (2442) Finland 2015}) 13. Bb2 Bxb2 14. Qxb2 Qe7 15. Nbd2 Rd8 16. Rfd1 Nd7 17. e4 Nc7 18. Rac1 Nf8 19. Ne5 Qd6 20. Nxf7 Kxf7 21. e5 Qe7 22. Bxb7 Rab8 23. Bg2 Nd5 24. Ne4 Ng6 25. Nd6+ $18 Kg8 26. Bxd5 exd5 27. Rxd5 Nxe5 28. Nf5 Nf3+ 29. Kg2 Qb7 30. Rxd8+ Rxd8 31. Qb3+ Qf7 32. Qxf7+ Kxf7 33. Kxf3 Rd3+ 34. Kg2 Rxa3 35. Rc7+ Kf6 36. Nxg7 1-0